 Dungeon Crawl Stone Soup version 0.19.0-11-g3fc08b3 (webtiles) character file.

331 mistymad the Insei (level 6, -3/51 HPs)
             Began as a Naga Transmuter on Nov 8, 2016.
             Slain by Chiseanne's ghost (6 damage)
             ... on level 4 of the Dungeon.
             The game lasted 00:07:44 (3719 turns).

mistymad the Insei (Naga Transmuter)                Turns: 3719, Time: 00:07:44

Health: -3/51      AC:  2    Str: 12    XL:     6   Next: 52%
Magic:  7/12       EV: 19    Int: 15    God:
Gold:   126        SH:  0    Dex: 17    Spells: 3 memorised, 7 levels left

rFire  . . .     SeeInvis +       - Unarmed
rCold  . . .     Gourm    .     (armour currently unavailable)
rNeg   . . .     Faith    .     (shield currently unavailable)
rPois  x         Spirit   .     (helmet currently unavailable)
rElec  .         Reflect  .     (cloak currently unavailable)
rCorr  .         Harm     .     (gloves currently unavailable)
MR     .....                    (no barding)
Stlth  ++........               (no amulet)
                                (no ring)
                                (no ring)

@: spider-form (expiring)
A: see invisible, (deformed body), (poison resistance), (slowness 0), slow
metabolism 1, spit poison 1, AC +2
a: Spit Poison, End Transformation


You were on level 4 of the Dungeon.
You were not hungry.
You were a venomous arachnid creature.
You visited 1 branch of the dungeon, and saw 4 of its levels.

You collected 126 gold pieces.

Inventory:

Missiles
 a - 8 arrows
Armour
 b - a +0 robe (melded)
 n - a +0 pair of gloves (melded)
 o - a +0 large shield
Wands
 t - a wand of polymorph (10/24)
Scrolls
 e - a scroll of random uselessness {unknown}
 f - 4 scrolls of identify
 g - 2 scrolls of enchant armour {unknown}
 h - a scroll of amnesia {unknown}
 i - a scroll of blinking {unknown}
 j - 2 scrolls of remove curse {unknown}
 k - 2 scrolls of teleportation {unknown}
Potions
 l - a potion of haste
 m - 2 potions of heal wounds {unknown}
 p - a potion of ambrosia {unknown}
 r - a potion of mutation {unknown}
Books
 c - a book of Changes

   Spells                             Type                      Level
   a - Beastly Appendage              Transmutation                1
   b - Sticks to Snakes               Transmutation                2
   c - Spider Form                    Transmutation/Poison         3
   d - Ice Form                       Ice/Transmutation            4
   e - Blade Hands                    Transmutation                5
Comestibles
 d - 3 bread rations
 q - 2 meat rations
 s - a beef jerky


   Skills:
 - Level 1.0 Fighting
 - Level 1.5 Dodging
 + Level 4.6 Unarmed Combat
 + Level 4.0 Spellcasting
 + Level 4.0 Transmutations


You had 7 spell levels left.
You knew the following spells:

 Your Spells              Type           Power        Failure   Level  Hunger
a - Beastly Appendage     Tmut           ###...       12%         1    None
b - Sticks to Snakes      Tmut           ###.....     17%         2    ##.....
c - Spider Form           Tmut/Pois      #.........   45%         3    ###....


Dungeon Overview and Level Annotations

Branches:
Dungeon (4/15)
 Temple: D:4-7

Altars:
Makhleb

Annotations:
D:4 Chiseanne's ghost, amateur CeVM


Innate Abilities, Weirdness & Mutations

You cannot wear boots.
((Your serpentine skin is tough. (AC +2)))
You have supernaturally acute eyesight. (SInv)
((Armour fits poorly on your strangely shaped body.))
((Your system is resistant to poisons. (rPois)))
((You cover ground very slowly.))
You have a slow metabolism.
You can spit poison.


Message History

Chiseanne's ghost barely misses you.
Unknown command.
Your ball python bites Chiseanne's ghost but does no damage. x2
Chiseanne's ghost hits your ball python.
Your ball python dies!
Chiseanne's ghost turns its malevolent gaze towards you.
There is an open door here.
Your ball python bites Chiseanne's ghost but does no damage.
You hit the frilled lizard.
You kill the frilled lizard!
Chiseanne's ghost hits you.
* * * LOW HITPOINT WARNING * * *
x2 You take 8 damage, and have 2/51 hp.
Your transformation is almost over.
Your ball python bites Chiseanne's ghost but does no damage.
Chiseanne's ghost completely misses you.
Chiseanne's ghost barely misses you.
Your ball python bites Chiseanne's ghost but does no damage.
Chiseanne's ghost hits you.
You die...

#......S.#......[.......
#........#..............
#........#..............
#........#.......#######
#........#.......#
#..%.....#S......#
#........#.......#
##.......#W......#
#.......#s)....##
#<)....# #.)....#
#......# #......#
#......# ########


You could see Chiseanne's ghost and a friendly ball python.

Vanquished Creatures
  A hound (D:3)
  3 orc priests
  2 orc wizards
  7 adders
  2 worms (D:2)
  2 dart slugs
  2 leopard geckos
  12 orcs
  A ball python (D:3)
  3 giant cockroaches
  6 goblins
  6 hobgoblins
  7 jackals (D:3)
  A quokka (D:3)
  5 bats
  5 frilled lizards
  6 kobolds
  5 rats
76 creatures vanquished.

Vanquished Creatures (collateral kills)
  2 orcs (D:3)
2 creatures vanquished.

Grand Total: 78 creatures vanquished

Notes
Turn   | Place    | Note
-------+----------+-------------------------------------------
     0 | D:1      | mistymad the Naga Transmuter began the quest for the Orb.
     0 | D:1      | Reached XP level 1. HP: 18/18 MP: 3/3
   176 | D:1      | Reached XP level 2. HP: 20/25 MP: 5/5
   783 | D:2      | Reached XP level 3. HP: 31/31 MP: 4/6
  1016 | D:2      | Reached XP level 4. HP: 30/38 MP: 5/8
  1183 | D:2      | Learned a level 2 spell: Sticks to Snakes
  1187 | D:2      | Learned a level 3 spell: Spider Form
  1948 | D:3      | Reached XP level 5. HP: 22/44 MP: 5/9
  2332 | D:3      | Found a burning altar of Makhleb.
  2344 | D:3      | HP: 2/44 [hound (3)]
  2351 | D:3      | Reached XP level 6. HP: 4/51 MP: 1/11
  3105 | D:4      | Noticed Chiseanne's ghost (amateur CeVM)
  3711 | D:4      | HP: 2/51 [Chiseanne's ghost (2)]
  3719 | D:4      | Slain by Chiseanne's ghost

Skill      XL: |  1  2  3  4  5  6 |
---------------+-------------------+-----
Transmutations | 3 4 |  4.0
Unarmed Combat | 4 |  4.6
Spellcasting   | 3 4 |  4.0
Fighting       | |  1.0
Dodging        | |  1.5

Action                   |  1- 3 |  4- 6 || total
-------------------------+-------+-------++-------
Melee: Unarmed           |    91 |   165 ||   256
       Punch             |     2 |     1 ||     3
       Headbutt          |     2 |     5 ||     7
 Cast: Beastly Appendage |     3 |     1 ||     4
       Spider Form       |       |    17 ||    17
       Sticks to Snakes  |       |     4 ||     4
 Abil: Spit Poison       |    12 |     3 ||    15
  Use: Potion            |       |     4 ||     4
       Scroll            |       |     1 ||     1
 Stab: Sleeping          |     1 |     1 ||     2
  Eat: Chunk             |       |    10 ||    10
Armor: Robe              |    14 |    15 ||    29
       Skin              |       |     6 ||     6
Dodge: Dodged            |    53 |   160 ||   213
